 Dungeon Crawl Stone Soup version 0.25.0-17-g773c8c6189 (webtiles) character file.

Game seed: 14513567910941093251

(classic levelgen) 9016 EnegeticOcto the Cleaver (level 11, -4/93 HPs)
             Began as a Deep Dwarf Fighter on June 30, 2020.
             Was a Believer of Makhleb.
             Slain by a stone giant (32 damage)
             ... in a volcano.
             The game lasted 00:21:47 (2648 turns).

EnegeticOcto the Cleaver (Deep Dwarf Fighter)       Turns: 2648, Time: 00:21:48

Health: -4/93      AC: 16    Str: 23    XL:     11   Next: 17%
Magic:  5/6        EV:  6    Int:  9    God:    Makhleb [**....]
Gold:   195        SH:  0    Dex: 12    Spells: 10/10 levels left

rFire    . . .     SeeInvis +   y - +8 glaive of the Guard {elec, +Rage AC+5 SInv}
rCold    . . .     Gourm    .   (shield currently unavailable)
rNeg     . . .     Faith    .   k - +0 plate armour (curse)
rPois    .         Spirit   .   (no helmet)
rElec    .         Reflect  .   B - scarf {+Inv}
rCorr    .         Harm     .   (no gloves)
MR       +....                  (no boots)
Stlth    ..........             q - amulet of the acrobat
HPRegen  0.00/turn              (no ring)
MPRegen  0.10/turn              (no ring)

@: very slightly contaminated, non-regenerating, invisible
A: damage resistance, heal wounds, sense surroundings 2, no regeneration
a: Heal Wounds, Minor Destruction, Renounce Religion, Evoke Berserk Rage


You were in a volcano.
You worshipped Makhleb.
Makhleb was pleased with you.
You were very hungry.

You visited 3 branches of the dungeon, and saw 14 of its levels.
You also visited: Volcano.

You collected 195 gold pieces.

Inventory:

Hand Weapons
 a - a +0 war axe
 y - the +8 glaive of the Guard (weapon) {elec, +Rage AC+5 SInv}
   (You found it on level 9 of the Dungeon)

   Occasionally, upon striking a foe, it will discharge some electrical energy
   and cause terrible harm.
   It affects your AC (+5).
   It lets you see invisible.
   It lets you go berserk.
Armour
 b - a +0 scale mail
 c - a +1 kite shield
 i - a +0 plate armour
 k - a cursed +0 plate armour (worn)
 B - a scarf of invisibility (worn)
Jewellery
 q - an amulet of the acrobat (around neck)
Wands
 m - a wand of random effects (19)
 s - a wand of iceblast (7) {@v2}
 u - a wand of flame (21) {@v4}
Scrolls
 f - a scroll of identify {@r1}
 h - 2 scrolls of remove curse {@r2}
 w - a scroll of teleportation {@r3 !r}
Potions
 d - a potion of might {@q3 !q}
 g - 2 potions of cancellation
 j - a potion of brilliance
 l - a potion of heal wounds {@q2 !q}
 n - 2 potions of degeneration
 o - a potion of flight {unknown}
 v - 2 potions of ambrosia
 x - a potion of curing {unknown}
 A - a potion of magic {unknown}
Comestibles
 e - 7 rations


   Skills:
 + Level 4.4 Fighting
 - Level 12.8(14.2) Axes
 * Level 9.4(11.5) Polearms
 - Level 3.2 Armour
 - Level 3.2 Shields
 - Level 6.0 Invocations
 - Level 6.0 Evocations


You had 10 spell levels left.
You didn't know any spells.
Your spell library was empty.

Dungeon Overview and Level Annotations

Branches:
Dungeon (10/15)            Temple (1/1) D:6            Lair (3/6) D:10
 Spider (0/4) Lair:3          Orc (0/2) D:10        Volcano (1/1)
  Swamp: Lair:2-4    Shoals: Lair:2-4

Altars:
Dithmenos
Fedhas
Makhleb
Nemelex Xobeh
Qazlal
Sif Muna
Uskayaw
Wu Jian
Yredelemnul
Zin
The Shining One

Shops:
D:5 %   D:9 :

Annotations:
D:4 1 runed translucent door
D:5 Grinder


Innate Abilities, Weirdness & Mutations

You are resistant to damage.
You can heal yourself by infusing magical energy.
You passively map the area around you.
You do not regenerate.


Message History

You slash the wolf!
You kill the wolf!
Makhleb accepts your kill.
You feel better. The wolf bites you but does no damage. The wolf bites you.
The wolf bites you but does no damage.
You barely miss the wolf. The wolf bites you! The wolf bites you. x2
* * * LOW HITPOINT WARNING * * *
Your plate armour prevents you from hitting the wolf.
The wolf bites you.
* * * LOW HITPOINT WARNING * * *
The wolf bites you.
* * * LOW HITPOINT WARNING * * *
The wolf bites you.
* * * LOW HITPOINT WARNING * * *
You slash the wolf! Lightning courses through the wolf!
You kill the wolf!
Makhleb accepts your kill.
You see here a wolf corpse.
You butcher the wolf corpse.
Things that are here:
2 chunks of flesh; a wolf skeleton Eat one of 2 chunks of flesh? (ye/n/q)
You eat one of the 2 chunks of flesh.
This raw flesh tastes terrible.
You are feeling hungry.
You hear the slow rumble of a very distant avalanche of rocks.
Found an escape hatch in the floor.
You feel much better.
You feel much better.
You feel yourself speed up.
Okay, then.
You recover from your berserk rage.
Found a stone staircase leading down.
Okay, then.
Unknown command.
There is a stone staircase leading down here.
A hippogriff comes into view.
The hippogriff screeches!
The hippogriff bites you! The hippogriff completely misses you.
The hippogriff claws you but does no damage.
Your plate armour prevents you from hitting the hippogriff.
The hippogriff bites you but does no damage.
The hippogriff pecks you.
The hippogriff claws you but does no damage.
You barely miss the hippogriff. The hippogriff bites you.
The hippogriff pecks you.
The hippogriff claws you but does no damage.
You slice the hippogriff!!
Lightning courses through the hippogriff!
The hippogriff is almost dead.
The hippogriff bites you.
The hippogriff pecks you but does no damage.
The hippogriff claws you but does no damage.
The hippogriff bites you. The hippogriff closely misses you.
The hippogriff claws you but does no damage.
You slash the hippogriff!
You kill the hippogriff!
Makhleb accepts your kill.
You feel better.
You see here a hippogriff corpse.
You butcher the hippogriff corpse.
Things that are here:
2 chunks of flesh; a hippogriff skeleton
Okay, then.
You hear the slow rumble of an avalanche of rocks.
Found a dark tunnel.
There is a dark tunnel here.
The world spins around you as you enter the gateway.
You enter a volcano!
Found a rocky tunnel leading out of this place.
There is a rock-blocked tunnel here.
A lava snake comes into view.
The lava snake hisses angrily.
Really read
w - 2 scrolls of teleportation {@r3 !r}?
As you read the scroll of teleportation {@r3 !r}, it crumbles to dust.
You feel strangely unstable.
Your surroundings suddenly seem different.
A stone giant comes into view.
The stone giant shouts!
The stone giant throws a large rock.
The large rock hits you!
Found a large rock.
Found a rocky tunnel leading out of this place.
You see here a large rock.
The stone giant misses you.
You feel much better. The stone giant hits you!!
You fail to use your ability.
The stone giant hits you but does no damage.
You fail to use your ability.
The stone giant hits you!
You fail to use your ability.
The stone giant hits you!
* * * LOW HITPOINT WARNING * * *
You fade into invisibility!
You are very lightly contaminated with residual magic.
You are feeling very hungry.
The stone giant hits you but does no damage.
Your magical essence is drained by the effort!
You feel much better. The stone giant hits you!!
You fail to use your ability.
The stone giant hits you!!
You die...

°≈°≈≈ ≈
** * *
.≈°≈ ≈ ≈
,, ,, , ,
.°○ , , *
, ≈≈○≈ ≈
, , ≈≈≈≈≈
≈ ≈ ,, *
≈°≈≈ ≈ ≈
* * * *
≈°° ≈ , *
,, ,, , ≈
≈° ≈ ≈ ≈
###++# *
, ≈ ≈ ,
#(@..#,
*, ≈≈ ≈ ≈
#.∩C.#,8
*, ≈
,#....+,,
, , ≈ ≈ ≈
######* *
* ≈ , ,,,
, ,≈≈ ≈ ,
, ≈,, ≈ ≈
≈ ≈≈ ,,
≈≈ ≈ ,, ≈
≈ ≈ ≈ ≈ ≈


You could see a stone giant.

Vanquished Creatures
  Harold (D:7)
  A hydra (Lair:2)
  Urug (Lair:2)
  An elephant (D:10)
  2 spiny frogs
  2 hippogriffs
  7 yaks (D:10)
  A wyvern (D:8)
  A basilisk (D:10)
  Grum (Lair:1)
  3 water moccasins
  A porcupine (Lair:2)
  2 ice beasts
  A sky beast (D:8)
  2 orc warriors
  7 wolves
  4 ogres
  3 centaurs
  A big kobold (D:8)
  2 crocodiles
  6 bullfrogs
  A wyvern skeleton (D:10)
  2 scorpions
  9 wights
  3 howler monkeys (D:7)
  A crimson imp (D:7)
  6 hounds
  A quasit (D:8)
  A bullfrog zombie (D:6)
  2 orc wizards (D:8)
  3 centaur skeletons
  2 orc priests
  3 iguanas
  4 worker ants
  A hound skeleton (D:6)
  7 gnolls
  3 adders
  2 shadow imps
  An adder zombie (D:8)
  An adder skeleton (D:4)
  2 worms
  A dart slug (D:4)
  8 leopard geckos
  8 orcs
  4 giant cockroaches
  A goblin (D:2)
  A hobgoblin (D:2)
  12 jackals
  2 quokkas
  A frilled lizard (D:2)
  A jackal zombie (D:5)
  A kobold (D:2)
  An orc skeleton (D:10)
  2 quokka skeletons
  2 rats
150 creatures vanquished.

Vanquished Creatures (others)
  An orc wizard (D:6)
  A fungus (Lair:2)
2 creatures vanquished.

Grand Total: 152 creatures vanquished

Notes
Turn   | Place    | Note
-------+----------+-------------------------------------------
     0 | D:1      | EnegeticOcto the Deep Dwarf Fighter began the quest for the
                  | Orb.
     0 | D:1      | Reached XP level 1. HP: 20/20 MP: 1/1
    82 | D:2      | Reached skill level 3 in Axes
    82 | D:2      | Reached XP level 2. HP: 25/27 MP: 2/2
   128 | D:2      | Reached XP level 3. HP: 33/33 MP: 3/3
   132 | D:2      | Reached skill level 4 in Axes
   185 | D:3      | Found a basalt altar of Yredelemnul.
   186 | D:3      | Found a hide-covered altar of Uskayaw.
   258 | D:4      | Found a runed translucent door.
   258 | D:4      | Noticed a human
   261 | D:4      | Found a basalt altar of Yredelemnul.
   272 | D:4      | Reached XP level 4. HP: 38/40 MP: 4/4
   283 | D:4      | Reached skill level 5 in Axes
   297 | D:5      | Entered Level 5 of the Dungeon
   311 | D:4      | Noticed a phantom
   334 | D:4      | Your magical essence is drained by the effort!
   423 | D:5      | Noticed an ogre
   427 | D:5      | Your magical essence is drained by the effort!
   446 | D:5      | Killed an ogre
   446 | D:5      | Reached skill level 6 in Axes
   446 | D:5      | Reached XP level 5. HP: 37/46 MP: 3/3
   462 | D:6      | Noticed a centaur
   466 | D:6      | Noticed an orc warrior
   476 | D:6      | Killed a centaur
   476 | D:6      | Reached skill level 7 in Axes
   476 | D:6      | Reached XP level 6. HP: 37/55 MP: 4/4
   478 | D:6      | Your magical essence is drained by the effort!
   492 | D:6      | Killed an orc warrior
   492 | D:6      | Reached skill level 8 in Axes
   493 | D:6      | Your magical essence is drained by the effort!
   615 | D:5      | Reached XP level 7. HP: 58/61 MP: 3/3
   723 | D:7      | Reached skill level 9 in Axes
   773 | D:6      | Reached skill level 10 in Axes
   776 | D:6      | Reached XP level 8. HP: 51/68 MP: 4/4
   872 | D:5      | Found Itigeaff's Food Shop.
   872 | D:5      | Noticed Grinder
   988 | D:4      | Reached skill level 1 in Evocations
   989 | D:4      | Reached skill level 2 in Evocations
  1266 | D:6      | Reached skill level 3 in Evocations
  1267 | D:6      | Reached skill level 11 in Axes
  1284 | D:7      | Found a shimmering blue altar of Sif Muna.
  1369 | D:7      | Reached skill level 4 in Evocations
  1424 | D:7      | Noticed Harold
  1449 | D:7      | Killed Harold
  1449 | D:7      | Reached skill level 12 in Axes
  1449 | D:7      | Reached skill level 6 in Evocations
  1449 | D:7      | Gained mutation: You passively map the area around you.
                  | [Deep Dwarf growth]
  1449 | D:7      | Reached XP level 9. HP: 64/74 MP: 7/9
  1491 | D:6      | Found a glowing golden altar of the Shining One.
  1574 | D:5      | Found a blossoming altar of Fedhas.
  1574 | D:5      | Found a glowing silver altar of Zin.
  1577 | D:5      | Found a stormy altar of Qazlal.
  1663 | D:6      | Found a staircase to the Ecumenical Temple.
  1671 | Temple   | Entered the Ecumenical Temple
  1689 | Temple   | Became a worshipper of Makhleb the Destroyer
  1777 | D:8      | Reached skill level 1 in Invocations
  1821 | D:8      | Reached skill level 3 in Fighting
  1835 | D:8      | Your magical essence is drained by the effort!
  1842 | D:8      | Reached skill level 2 in Invocations
  1875 | D:8      | Reached skill level 3 in Invocations
  1892 | D:8      | Reached skill level 4 in Fighting
  1892 | D:8      | Reached skill level 4 in Invocations
  1948 | D:8      | Your magical essence is drained by the effort!
  1949 | D:8      | Reached * piety under Makhleb
  2026 | D:9      | Found the +8 glaive of the Guard {elec, +Rage AC+5 SInv}
  2082 | D:9      | Found Locs's Book Shoppe.
  2096 | D:9      | Reached skill level 1 in Polearms
  2096 | D:9      | Reached skill level 5 in Invocations
  2102 | D:10     | Entered Level 10 of the Dungeon
  2116 | D:10     | Reached skill level 2 in Polearms
  2157 | D:10     | Reached XP level 10. HP: 61/87 MP: 8/8
  2158 | D:10     | Noticed an elephant
  2180 | D:10     | Killed an elephant
  2180 | D:10     | Reached skill level 3 in Polearms
  2180 | D:10     | Reached skill level 6 in Invocations
  2194 | D:10     | Reached skill level 4 in Polearms
  2198 | D:10     | Found a staircase to the Lair.
  2213 | D:10     | Reached skill level 5 in Polearms
  2231 | D:10     | Reached skill level 6 in Polearms
  2251 | Lair:1   | Entered Level 1 of the Lair of Beasts
  2256 | Lair:1   | Noticed a spiny frog
  2266 | Lair:1   | Killed a spiny frog
  2285 | Lair:2   | Noticed a seven-headed hydra
  2289 | Lair:2   | Killed an eight-headed hydra
  2289 | Lair:2   | Reached skill level 7 in Polearms
  2298 | Lair:2   | Reached skill level 8 in Polearms
  2332 | Lair:1   | Noticed Grum
  2334 | Lair:1   | Reached ** piety under Makhleb
  2343 | Lair:1   | Killed Grum
  2379 | Lair:2   | Noticed Urug
  2399 | Lair:2   | Killed Urug
  2399 | Lair:2   | Reached XP level 11. HP: 61/93 MP: 9/9
  2531 | Lair:2   | Reached skill level 9 in Polearms
  2549 | Lair:3   | Your magical essence is drained by the effort!
  2571 | Lair:3   | Your magical essence is drained by the effort!
  2626 | Lair:3   | Found a dark tunnel.
  2631 | Volcano  | Entered a volcano
  2640 | Volcano  | Noticed a stone giant
  2647 | Volcano  | Your magical essence is drained by the effort!
  2648 | Volcano  | Slain by a stone giant

Illustrated notes

Levels and vault maps discovered:
D:1:      ncdulo_halloftheorcs, layout_rooms, st_stairs_4
D:2:      layout_basic, ashenzari_altar_1, first_ration
D:3:      layout_loops_corners, gammafunk_temple_overflow_statue
D:4:      layout_cave_pools, dk_yredelemnul_ordeal
D:5:      layout_loops_corners, nicolae_overflow_hidden_temple, serial_shops,
          nicolae_shop_waterfront, uniq_grinder
D:6:      layout_basic, kennysheep_mini_moat, minmay_temple_entry_gardened_gates
D:7:      layout_cave_pods, basic_altar, uniq_harold
D:8:      layout_loops_ring, lemuel_blue_sif_altar, blue_anna_alchemist
          [blue_anna_fruit_fields, blue_anna_fruit_fields], tgw_xom
D:9:      layout_small_grid, serial_shops, nicolae_shop_statue_plus,
          nicolae_island_escapes, uniq_prince_ribbit1
D:10:     layout_rooms, david_lair_generic, zombieorc1_lemuel, serial_shops,
          nicolae_shop_stone, uniq_joseph
Temple:   jpeg_temple_clearing
Lair:1:   layout_small_grid, grunt_megastairs_5, uniq_gastronok, uniq_grum
Lair:2:   layout_loops_ring, serial_bayou_shore_b, uniq_urug
Lair:3:   layout_big_grid, nicolae_spider_entry_orb_guardian, basic_altar,
          enter_volcano_4
Volcano:  volcano_lake [vl_original]

Skill      XL: |  1  2  3  4  5  6  7  8  9 10 11 |
---------------+----------------------------------+-----
Axes           | 3 4 6 7 8 10 12 | 12.8
Evocations     | 6 |  6.0
Invocations    | 5 6 |  6.0
Fighting       | 4 |  4.4
Polearms       | 2 8 9 |  9.4
Armour         | |  3.2
Shields        | |  3.2

Action                   |  1- 3 |  4- 6 |  7- 9 | 10-12 || total
-------------------------+-------+-------+-------+-------++-------
Melee: War axe           |    51 |    97 |   290 |       ||   438
       Glaive            |       |       |    20 |   127 ||   147
 Abil: Heal Wounds       |     1 |    14 |    11 |    13 ||    39
       Evoke Berserk Rag |       |       |       |     3 ||     3
       Evoke Invisibilit |       |       |       |     1 ||     1
Evoke: Wand              |       |       |     3 |     3 ||     6
  Use: Scroll            |     1 |     4 |     6 |     5 ||    16
  Eat: Ration            |     1 |       |     1 |       ||     2
       Chunk             |       |       |       |     2 ||     2
Armor: Scale mail        |    61 |    51 |       |       ||   112
       Plate armour      |       |     7 |   205 |   160 ||   372
Dodge: Dodged            |    44 |    48 |    68 |    96 ||   256
Block: Kite shield       |    66 |    75 |   239 |       ||   380
